 Dungeon Crawl Stone Soup version 0.29.0-11-gd7f09526c8 (webtiles) character file.

Game seed: 5212067117732511474

44 Ordine the Trooper (level 3, 0/24 HPs)
             Began as a Gargoyle Fighter on Sept 6, 2022.
             Slain by Crazy Yiuf
             ... wielding a +2 quarterstaff of chaos
              (8 damage)
             ... on level 2 of the Dungeon.
             The game lasted 00:03:22 (1683 turns).

Ordine the Trooper (Gargoyle Fighter)               Turns: 1683, Time: 00:03:23

Health: 0/24       AC: 12    Str: 19    XL:     3   Next: 62%
Magic:  3/3        EV:  9    Int:  8    God:
Gold:   45         SH:  0    Dex:  9    Spells: 2/2 levels left

rFire   . . .      SeeInvis .   m - +1 hammer (holy)
rCold   . . .      Faith    .   c - +0 buckler
rNeg    + . .      Spirit   .   b - +0 scale mail
rPois   ∞          Reflect  .   (no helmet)
rElec   +          Harm     .   (no cloak)
rCorr   .          Rampage  .   (no gloves)
Will    .....                   (no boots)
Stlth   ..........              (no amulet)
HPRegen 0.08/turn               (no ring)
MPRegen 0.08/turn               (no ring)

@: confused, ambrosia-drunk
A: sickness immunity, AC +3, negative energy resistance 1, electricity
resistance, torment resistance 1, petrification resistance, iridescent scales 1,
weak 1
a: no special abilities


You were on level 2 of the Dungeon.
You visited 1 branch of the dungeon, and saw 2 of its levels.

You collected 45 gold pieces.

Inventory:

Hand Weapons
 a - a +0 flail
 m - a +1 hammer of holy wrath (weapon)
Missiles
 l - 3 poisoned darts (quivered)
Armour
 b - a +0 scale mail (worn)
 c - a +0 buckler (worn)
Scrolls
 f - a scroll of magic mapping {unknown}
 g - a scroll of acquirement {unknown}
 h - a scroll of identify {unknown}
Potions
 d - a potion of might
 e - a potion of mutation
 i - a potion of ambrosia
 j - a potion of attraction {unknown}
 k - a potion of lignification {unknown}


   Skills:
 + Level 3.7 Fighting
 * Level 3.0 Maces & Flails
 + Level 0.2 Throwing
 - Level 3.2 Armour
 + Level 3.7 Shields


You had 2 spell levels left.
You didn't know any spells.
Your spell library contained the following spells:

 Spells                   Type           Power      Damage    Failure   Level
 Apportation              Tloc           0%         N/A       86%         1
 Alistair's Intoxication  Tmut/Pois      0%         N/A       100%        5


Dungeon Overview and Level Annotations

Branches:
Dungeon (2/15)

Altars:

Annotations:
D:2 Crazy Yiuf


Innate Abilities, Weirdness & Mutations

You are immune to sickness and miasma.
Your stone body is resilient. (AC +3)
You are immune to poison.
You resist negative energy. (rN+)
You are resistant to electric shocks. (rElec)
You are resistant to unholy torment.
You are immune to petrification.
You are partially covered in iridescent scales. (AC +2)
You are weak. (Str -2)


Message History

Found a hammer.
Found a hammer.
You see here a +0 hammer.
m - a +0 hammer You drop a +0 hammer.
You see here a +0 hammer.
Found six hammers and a glowing hammer.
Found a runed translucent door.
You see here a +0 hammer.
Found a hammer.
Crazy Yiuf shouts!
You see here a +0 hammer.
You see here a +0 hammer.
Found three hammers.
You see here a +1 hammer of holy wrath.
m - a +1 hammer of holy wrath Your +1 hammer of holy wrath softly glows with a divine radiance!
m - a +1 hammer of holy wrath (weapon)
You open the door. You hit Crazy Yiuf but do no damage.
Crazy Yiuf grits, "Iron ena green!"
Crazy Yiuf hits you with a +2 quarterstaff of chaos!
Crazy Yiuf freezes you.
You closely miss Crazy Yiuf.
Crazy Yiuf hits you with a +2 quarterstaff of chaos.
Crazy Yiuf glowers.
Crazy Yiuf hits you with a +2 quarterstaff of chaos!
* * * LOW HITPOINT WARNING * * *
Crazy Yiuf burns you.
* * * LOW HITPOINT WARNING * * *
Unknown command.
It was a potion of mutation.
You feel extremely strange.
You feel weaker.
Iridescent scales grow over part of your body.
You block Crazy Yiuf's attack.
It was a potion of ambrosia.
You are confused.
You feel invigorated. Crazy Yiuf barely misses you.
You bump into the stone wall.
Crazy Yiuf hits you with a +2 quarterstaff of chaos!
You die...

#.........##.##.#..# ##
#.....# #.#.#..##.....#.#..#
###...... #.#.#..##.##........
......>. #.#.#....###########
#...... #.#.##.### #......
.........# ###......
###......# ### ♣♣##........
######.### #)))#♣♣
♣♣......##### .# #...#
#.))g@♣♣♣♣......## ###
.#####...# #)))#♣))♣).....##
#.. .........# ###
♣♣♣)♣)♣..######.# ...#....##
♣♣♣♣♣### #..... .#......#
#..... .###....#
###############..... .#
#....## #...................
.#
####.(#####...............##.#
.# ##...##........#.......##.#


You could see Crazy Yiuf.

Vanquished Creatures
  A dart slug (D:1)
  6 endoplasms
  3 giant cockroaches
  A goblin (D:1)
  3 hobgoblins
  2 quokkas (D:1)
  4 ball pythons
  4 bats
  3 frilled lizards (D:2)
  7 kobolds (D:2)
  5 rats
39 creatures vanquished.

Vanquished Creatures (others)
  2 plants (D:2)
2 creatures vanquished.

Grand Total: 41 creatures vanquished

Notes
Turn   | Place    | Note
-------+----------+-------------------------------------------
     0 | D:1      | Ordine the Gargoyle Fighter began the quest for the Orb.
     0 | D:1      | Reached XP level 1. HP: 14/14 MP: 1/1
   230 | D:1      | Reached XP level 2. HP: 14/19 MP: 2/2
   430 | D:1      | Found a faded altar of an unknown god.
   545 | D:1      | You fall into a shaft and drop 1 floor!
   772 | D:1      | Reached XP level 3. HP: 21/23 MP: 3/3
  1672 | D:2      | Found a runed translucent door.
  1673 | D:2      | Noticed Crazy Yiuf
  1681 | D:2      | Gained mutation: You are weak. (Str -2) [potion of
                  | mutation]
  1681 | D:2      | Gained mutation: You are partially covered in iridescent
                  | scales. (AC +2) [potion of mutation]
  1683 | D:2      | Slain by Crazy Yiuf

Illustrated notes

Levels and vault maps discovered:
D:1:      giann_horns, layout_rooms, dilly_ecumenical_altar_fadedgnrine
D:2:      layout_basic, lexackson_kobold_supper, uniq_crazy_yiuf_cottage

Skill      XL: |  1  2  3 |
---------------+----------+-----
Maces & Flails | 3 |  3.0
Fighting       | |  3.7
Throwing       | |  0.2
Armour         | |  3.2
Shields        | |  3.7

Action                   || total
-------------------------++-------
Melee: Flail             ||    92
       Mace              ||     2
  Use: Potion            ||     2
Armor: Scale mail        ||    36
Dodge: Dodged            ||    48
Block: Buckler           ||    21
